 Dungeon Crawl Stone Soup version 0.31-a0-441-g867994ef1c (webtiles) character file.

Game seed: 4705510697623730647

153 LeprechaunX the Ruffian (level 5, -3/35 HPs)
             Began as an Octopode Shapeshifter on Aug 2, 2023.
             Slain by a gnoll bouda
             ... wielding a +0 club
              (11 damage)
             ... on level 4 of the Dungeon.
             The game lasted 00:03:39 (1938 turns).

LeprechaunX the Ruffian (Octopode Shapeshifter)     Turns: 1938, Time: 00:03:40

Health: -3/35      AC:  1    Str: 16    XL:     5   Next: 35%
Magic:  5/5        EV: 14    Int: 10    God:
Gold:   294        SH:  0    Dex: 13    Spells: 4/4 levels left

rFire   . .          .
                       - Unarmed
rCold   . . .        (no shield)
rNeg    . . .        (helmet currently unavailable)
rPois   .            g - amulet of regeneration
rElec   .            (no ring)
rCorr   .            (no ring)
SInv    .            (no ring)
Will    .....        (no ring)
Stlth   ++           (no ring)
HPRegen 1.05/turn    (no ring)
MPRegen 0.09/turn    (no ring)
                     (no ring)

%: no passive effects
@: beast-form
A: beast (slay +2), almost no armour, amphibious, 8 rings, camouflage 1,
gelatinous body 1, (nimble swimmer 1), tentacles
a: Begin Untransformation


You were on level 4 of the Dungeon.
You were a hulking beast.
You visited 1 branch of the dungeon, and saw 4 of its levels.

You collected 294 gold pieces.

Inventory:

Missiles
 o - a throwing net
Jewellery
 g - an amulet of regeneration (around mantle)
Talismans
 b - a beast talisman (active)
Scrolls
 c - 4 scrolls of identify {unknown}
 e - 5 scrolls of teleportation {unknown}
 f - a scroll of brand weapon {unknown}
 i - a scroll of immolation
 l - 2 scrolls of fear {unknown}
 n - a scroll of poison {unknown}
 p - a scroll of silence {unknown}
 r - a scroll of fog {unknown}
Potions
 a - a potion of lignification
 d - 3 potions of heal wounds {unknown}
 h - 3 potions of enlightenment {unknown}
 j - a potion of resistance {unknown}
 k - 3 potions of invisibility {unknown}
 m - a potion of attraction {unknown}
 q - a potion of magic {unknown}
 s - a potion of brilliance {unknown}


   Skills:
 + Level 2.5 Fighting
 + Level 3.1 Dodging
 + Level 3.9 Unarmed Combat
 + Level 3.6 Shapeshifting


You had 4 spell levels left.
You didn't know any spells.
Your spell library contained the following spells:

 Spells                   Type           Power      Damage    Failure   Level
 Sandblast                Erth           0%         2d4       36%         1
 Sting                    Tmut/Pois      0%         1d3       36%         1
 Passwall                 Tmut/Erth      0%         N/A       50%         2
 Poisonous Vapours        Pois/Air       0%         N/A       50%         2
 Sublimation of Blood     Necr           0%         N/A       50%         2
 Wereblood                Tmut           0%         N/A       50%         2
 Stone Arrow              Conj/Erth      0%         3d7       75%         3
 Olgreb's Toxic Radiance  Pois           0%         N/A       98%         4
 Summon Hydra             Summ           0%         N/A       100%        7


Dungeon Overview and Level Annotations

Branches:
Dungeon (4/15)
 Temple: D:4-7

Altars:


Innate Abilities, Weirdness & Mutations

You are a hulking beast.
Your limbs bulge with bestial killing power. (Slay +2)
You cannot wear most types of armour.
You are amphibious.
You can wear up to eight rings at the same time.
Your skin changes colour to match your surroundings (Stealth+).
Your rubbery body absorbs attacks. (AC +1, EV +1)
((You are camouflaged when in or above water. (Stealth+)))
You have tentacles for arms and can constrict up to eight enemies at once.


Message History

The gnoll is lightly wounded.
You constrict the gnoll. The gnoll misses you.
You tentacle-slap the gnoll. You squeeze the gnoll.
The gnoll is severely wounded.
You constrict the gnoll. The gnoll hits you with a +0 spear!
You tentacle-slap the gnoll. You squeeze the gnoll.
You kill the gnoll!
The gnoll hits you with a +0 club.
You tentacle-slap the gnoll. You grab the gnoll.
The gnoll is moderately wounded.
You constrict the gnoll. The gnoll barely misses you.
The gnoll shouts!
You tentacle-slap the gnoll.
The gnoll is severely wounded.
You constrict the gnoll.
The gnoll is no longer moving quickly.
The gnoll hits you with a +0 club!
The gnoll hits you from afar with a +0 spear!
You tentacle-slap the gnoll.
You kill the gnoll!
Your attacks no longer feel as feeble.
The gnoll hits you from afar with a +0 spear.
The gnoll closely misses you.
Items here: )) ††.
You tentacle-slap the gnoll bouda. You grab the gnoll bouda.
The gnoll bouda is moderately wounded.
You constrict the gnoll bouda, but do no damage.
The gnoll bouda hits you with a +0 club!
* * * LOW HITPOINT WARNING * * *
The gnoll barely misses you. The gnoll misses you.
You bludgeon the gnoll bouda!
The gnoll bouda is severely wounded.
You constrict the gnoll bouda, but do no damage.
The gnoll bouda completely misses you. The gnoll misses you.
The gnoll barely misses you.
You tentacle-slap the gnoll bouda but do no damage.
You squeeze the gnoll bouda.
The gnoll bouda is almost dead.
You constrict the gnoll bouda.
The gnoll bouda hits you with a +0 club!
You die...

...)...............#
................##.##
.....gg###...........
.....#g# #......### ###.
.....#.# ####.#.###.....
.....#g# #.#.........
.....#.# #.##.## .....#.#
#.##.# .....#.# #.##h#
.....#.######'##g#
.....#......g..gg#
.....#.......g...######.#
.....+...†...............
.....#...........######.#
.......#####..##.#
.....#.# ##..##.#
.....#.# ##...##.#


You could see a gnoll bouda and 2 gnolls.

Vanquished Creatures
  Natasha (twice) (D:2 D:4)
  3 gnolls (D:4)
  2 adders
  3 worms
  6 orcs (D:3)
  6 endoplasms
  2 goblins (D:3)
  5 hobgoblins
  2 jackals (D:1)
  2 kobolds
  5 ball pythons
  5 bats
  3 rats
46 creatures vanquished.

Notes
Turn   | Place    | Note
-------+----------+-------------------------------------------
     0 | D:1      | LeprechaunX the Octopode Shapeshifter began the quest for
                  | the Orb.
     0 | D:1      | Reached XP level 1. HP: 13/13 MP: 1/1
   162 | D:1      | Reached XP level 2. HP: 6/18 MP: 2/2
   496 | D:1      | Found a faded altar of an unknown god.
   648 | D:2      | Noticed Natasha
   719 | D:2      | Reached XP level 3. HP: 21/23 MP: 3/3
   782 | D:2      | Killed Natasha
   811 | D:2      | Reached XP level 4. HP: 28/29 MP: 4/4
   817 | D:2      | Noticed Natasha
  1915 | D:4      | Killed Natasha
  1916 | D:4      | Reached XP level 5. HP: 23/35 MP: 5/5
  1938 | D:4      | Slain by a gnoll bouda

Illustrated notes

Levels and vault maps discovered:
D:1:      ebering_hopf_link, layout_rooms, hellmonk_ecumenical_altar_blasted,
          chequers_big_river
D:2:      layout_rooms, uniq_natasha
D:3:      layout_loops_ring, minmay_misc_feat_rows
D:4:      layout_basic, zin_purify, mainiacjoe_overflow_two_lobes

Skill      XL: |  1  2  3  4 |
---------------+-------------+-----
Fighting       | 2 |  2.5
Dodging        | 3 |  3.1
Unarmed Combat | |  3.9
Shapeshifting  | |  3.6

Action                     |  1- 3 |  4- 6 || total
---------------------------+-------+-------++-------
  Melee: Unarmed           |    41 |    52 ||    93
         Constrict         |    10 |    16 ||    26
         Tentacles         |     7 |    14 ||    21
         Punch             |       |     2 ||     2
   Stab: Sleeping          |     4 |     2 ||     6
 Armour: Skin              |     2 |     4 ||     6
  Dodge: Dodged            |    24 |    26 ||    50

Table legend: (Time is in decaauts)
 A = Elapsed time spent in this place.
 B = Non-inter-level travel time spent in this place.
 C = Inter-level travel time spent in this place.
 D = Time resting spent in this place.
 E = Time spent auto-exploring this place.
 F = Levels seen in this place.
 G = Mean time per level.
                   A        B        C        D        E       F      G
               +--------+--------+--------+--------+--------+-----+--------+
         Total |   1932 |   1788 |    144 |      0 |   1440 |   4 |  483.0 |
       Dungeon |   1932 |   1788 |    144 |      0 |   1440 |   4 |  483.0 |
               +--------+--------+--------+--------+--------+-----+--------+

Top non-repeatable levels by time:
     D:3: 710 daAuts
     D:1: 662 daAuts
     D:2: 386 daAuts
     D:4: 172 daAuts
